Description

soO performs a Ravager/Speedling all-in, backed up by an overlord that is filled with 4 queens. The queens are necessary to stop banshees.

VOD

https://youtu.be/sX2c9zvcqEg

Replay - Bunny v soO: Game 4 - 레드쉬프트 - 래더

Build Order

Get SALT Encoding   

  12  0:00  Drone  
  13  0:12  Overlord  
  17  0:51  Hatchery  
  18  1:07  Extractor  
  18  1:11  Spawning Pool  
  19  1:38  Overlord  
  19  1:57  Queen  
  19  1:58  Zergling x4  
  23  2:04  Zergling x2, Queen  
  26  2:08  Metabolic Boost  
  30  2:32  Overlord  
  30  2:33  Queen  
  33  2:46  Pneumatized Carapace  
  39  3:12  Overlord  
  44  3:28  Hatchery  
  48  3:44  Overlord  
  48  3:45  Lair  
  48  3:53  Extractor x2  
  50  3:58  Roach Warren  
  50  4:02  Zergling x4  
  50  4:03  Overlord  
  53  4:12  Overlord  
  53  4:22  Overlord  soO did not make any drones after 4:30
  54  4:37  Roach x9  soO did not make any drones after 4:30
  69  5:19  Zergling x16  
  76  5:30  Ravager x5  
  76  5:35  Zergling x12  
Spawning Tool Build Advisor. Get it on Overwolf

Analysis

Reinforce with lings, not roaches. The extra gas can be used to morph more ravagers.

I removed 2 overseers and 3 spores from the build. They are built as needed when the cloaked banshees come out.

Go to:

Details

  • Created by: awells111
  • Published on: Jul 18, 2018
  • Modified on: Jul 18, 2018
  • Patch: 4.0.0
Show
View Real Time Build Order
Export as new Build Order

Comments (0)

There are no comments. Be the first!

Create an account to comment!